 Dungeon Crawl Stone Soup version 0.32-a0-673-g3729bd50f8 (webtiles) character file.

Game seed: 16360382846524397721

192 seaoflcl the Trooper (level 5, 0/41 HPs)
             Began as a Human Fighter on Mar 10, 2024.
             Incinerated by a bombardier beetle (9 damage)
             ... with a burning spray
             ... on level 4 of the Dungeon.
             The game lasted 00:05:14 (2609 turns).

seaoflcl the Trooper (Human Fighter)                Turns: 2609, Time: 00:05:14

Health: 0/41       AC: 17    Str: 14    XL:     5   Next: 71%
Magic:  0/0        EV:  6    Int:  8    God:
Gold:   245        SH:  4    Dex: 12    Spells: 6/6 levels left

rFire   . . .        n - +3 war axe "Tenuv" {flame, +Blink rElec Str-5 Stlth+}
rCold   + + .        c - +0 buckler
rNeg    . . .        r - +7 chain mail of Goderph {rC++ MP-9}
rPois   .            (no helmet)
rElec   +            (no cloak)
rCorr   .            (no gloves)
SInv    .            l - +0 pair of boots
Will    .....        (no amulet) Stlth
                     (no ring)
HPRegen 0.26/turn    (no ring)
MPRegen 0.07/turn

%: no passive effects
@: mighty, on fire, glowing
A: explore regen
a: Evoke Blink


You were on level 4 of the Dungeon.
You visited 1 branch of the dungeon, and saw 4 of its levels.

You collected 245 gold pieces.

Inventory:

Hand Weapons
 a - a +0 long sword
 n - the +3 war axe "Tenuv" (weapon) {flame, +Blink rElec Str-5 Stlth+}
   (You found it on level 2 of the Dungeon)

   Str-5:     It affects your strength (-5).
   rElec:     It insulates you from electricity.
   +Blink:    It lets you blink.
   Stlth+:    It makes you more stealthy.
Missiles
 q - 4 javelins (quivered)
Armour
 b - a +0 scale mail
 c - a +0 buckler (worn)
 l - a +0 pair of boots (worn)
 r - the +7 chain mail of Goderph (worn) {rC++ MP-9}
   (You found it on level 2 of the Dungeon)

   rC++:      It greatly protects you from cold.
   MP-9:      It affects your magic capacity (-9).
Jewellery
 p - an amulet of the acrobat
Wands
 u - a wand of polymorph (14)
Scrolls
 g - a scroll of silence {unknown}
 i - 2 scrolls of blinking {unknown}
 j - 2 scrolls of enchant armour {unknown}
 k - a scroll of teleportation {unknown}
 s - a scroll of torment {unknown}
Potions
 d - a potion of might
 e - a potion of enlightenment {unknown}
 f - a potion of degeneration {unknown}
 h - 4 potions of curing {unknown}
 m - a potion of invisibility {unknown}
 o - a potion of haste {unknown}
 t - 2 potions of cancellation {unknown}


   Skills:
 + Level 3.5 Fighting
 + Level 2.7 Long Blades
 * Level 2.0 Axes
 + Level 3.5 Armour
 + Level 1.4 Dodging
 + Level 3.5 Shields
 + Level 1.3 Spellcasting
 + Level 0.9 Evocations


You had 6 spell levels left.
You didn't know any spells.
Your spell library contained the following spells:

 Spells                   Type           Power      Damage    Failure   Level
 Sting                    Conj/Alch      0%         1d3       100%        1
 Ensorcelled Hibernation  Hex/Ice        0%         N/A       100%        2
 Mercury Vapours          Alch/Air       0%         N/A       100%        2
 Call Canine Familiar     Summ           0%         N/A       100%        3
 Fugue of the Fallen      Necr           0%         N/A       100%        3
 Sigil of Binding         Hex            0%         N/A       100%        3
 Anguish                  Hex/Necr       0%         N/A       100%        4
 Dimensional Bullseye     Hex/Tloc       0%         N/A       100%        4
 Olgreb's Toxic Radiance  Alch           0%         N/A       100%        4


Dungeon Overview and Level Annotations

Branches:
Dungeon (4/15)
 Temple: D:4-7

Altars:

Shops:
D:1 *

Annotations:
D:4 Duvessa


Innate Abilities, Weirdness & Mutations

You regain HP and MP as you explore.


Message History

Duvessa is lightly wounded.
Duvessa hits you but does no damage. x2
You slash Duvessa! You burn Duvessa.
Duvessa is moderately wounded.
You barely miss the bombardier beetle. Duvessa hits you but does no damage.
Duvessa hits you with a +0 short sword.
The bombardier beetle bites you but does no damage.
You hit Duvessa. You burn Duvessa.
Duvessa is moderately wounded.
You hit the bombardier beetle. You burn the bombardier beetle.
You block Duvessa's attack. Duvessa hits you but does no damage.
The bombardier beetle bites you but does no damage.
You hit Duvessa but do no damage.
Duvessa is moderately wounded.
You barely miss the bombardier beetle. Duvessa hits you but does no damage.
Duvessa barely misses you.
The bombardier beetle bites you but does no damage.
You hit Duvessa. You burn Duvessa.
Duvessa is heavily wounded.
You barely miss the bombardier beetle. Duvessa barely misses you.
Duvessa hits you with a +0 short sword.
The bombardier beetle sprays incendiary fluid at you.
The burning spray hits you.
You are covered in liquid fire!
Duvessa hits you but does no damage.
You feel very mighty all of a sudden. The liquid fire burns you!
Duvessa hits you with a +0 short sword.
You barely miss Duvessa.
Duvessa is heavily wounded.
You closely miss the bombardier beetle. The liquid fire burns you!
You block Duvessa's attack. Duvessa hits you with a +0 short sword.
* * * LOW HITPOINT WARNING * * *
The bombardier beetle completely misses you.
You barely miss Duvessa.
Duvessa is heavily wounded.
You slash the bombardier beetle! You burn the bombardier beetle.
The liquid fire burns you!
You die...

#..#.# .
#....##.#
#....#.####.
#...........
##..##.....
#....#......
###.#.........
####..eB.........
#.#..#@..........
#......#.........
#.#.##.#.........
#...#..#.....#..#
##....#........#
#...†.......### #
#...#.......# ##.
##......######
...# ##...#...#


You could see Duvessa (berserk) and a bombardier beetle.

Vanquished Creatures
  Dowan (D:4)
  A hound (D:4)
  A jelly (D:4)
  Terence (D:3)
  An adder (D:2)
  2 dart slugs (D:3)
  An orc (D:3)
  4 ball pythons
  5 bats
  5 endoplasms
  2 giant cockroaches
  8 goblins
  4 hobgoblins
  A kobold (D:2)
  2 quokkas (D:2)
  A frilled lizard (D:1)
  2 rats (D:2)
42 creatures vanquished.

Notes
Turn   | Place    | Note
-------+----------+-------------------------------------------
     0 | D:1      | seaoflcl the Human Fighter began the quest for the Orb.
     0 | D:1      | Reached XP level 1. HP: 18/18 MP: 1/1
   253 | D:1      | Reached XP level 2. HP: 24/24 MP: 2/2
   387 | D:1      | Found Enaloipu's General Store.
  1138 | D:2      | Identified the +3 war axe "Tenuv" {flame, +Blink rElec
                  | Str-5 Stlth+}
  1216 | D:2      | Reached XP level 3. HP: 29/29 MP: 3/3
  1240 | D:2      | Found a faded altar of an unknown god.
  1354 | D:2      | Identified the +7 chain mail of Goderph {rC++ MP-9}
  1931 | D:3      | Reached skill level 1 in Axes
  2038 | D:3      | Noticed Terence
  2044 | D:3      | Killed Terence
  2045 | D:3      | Reached skill level 1 in Dodging
  2045 | D:3      | Reached XP level 4. HP: 30/35 MP: 0/5
  2332 | D:3      | Identified the +0 ring mail of the Swan {Harm Int+3 Dex+3}
  2462 | D:3      | Reached skill level 1 in Spellcasting
  2540 | D:4      | Noticed Dowan
  2540 | D:4      | Noticed Duvessa
  2566 | D:4      | Killed Dowan
  2567 | D:4      | Reached XP level 5. HP: 41/41 MP: 0/6
  2609 | D:4      | Incinerated by a bombardier beetle

Illustrated notes

Levels and vault maps discovered:
D:1:      saegor_arrival_simple_c, layout_basic, serial_shops, shop
D:2:      layout_loops_ring, shapermc_ecumenical_altar_ellora
D:3:      layout_loops_ring, uniq_terence
D:4:      minmay_wonky_spiral, layout_rooms, minmay_temple_entry_mini_moons,
          nicolae_grassy_gnolls, uniq_duvessa, uniq_crazy_yiuf_cottage

Skill      XL: |  1  2  3  4  5 |
---------------+----------------+-----
Axes           | 1 2 |  2.0
Dodging        | 1 |  1.4
Spellcasting   | 1 |  1.3
Fighting       | |  3.5
Long Blades    | |  2.7
Armour         | |  3.5
Shields        | |  3.5
Evocations     | |  0.9

Action                     |  1- 3 |  4- 6 || total
---------------------------+-------+-------++-------
  Melee: Long sword        |    42 |       ||    42
         War axe           |    44 |    40 ||    84
    Use: Potion            |       |     1 ||     1
 Armour: Scale mail        |    57 |       ||    57
         Chain mail        |    18 |    50 ||    68
  Dodge: Dodged            |    33 |    14 ||    47
  Block: Buckler           |    24 |     7 ||    31

Table legend: (Time is in decaauts)
 A = Elapsed time spent in this place.
 B = Non-inter-level travel time spent in this place.
 C = Inter-level travel time spent in this place.
 D = Time resting spent in this place.
 E = Time spent auto-exploring this place.
 F = Levels seen in this place.
 G = Mean time per level.
                   A        B        C        D        E       F      G
               +--------+--------+--------+--------+--------+-----+--------+
         Total |   2663 |   2400 |    263 |      0 |   1975 |   4 |  665.8 |
       Dungeon |   2663 |   2400 |    263 |      0 |   1975 |   4 |  665.8 |
               +--------+--------+--------+--------+--------+-----+--------+

Top non-repeatable levels by time:
     D:1: 1042 daAuts
     D:2: 820 daAuts
     D:3: 643 daAuts
     D:4: 156 daAuts
